 Dungeon Crawl Stone Soup version 0.24.0-123-gd5b16e6ec5 (webtiles) character file.

Game seed: 6156399278671167983, levelgen mode: deterministic

12558 Peloso the Carver (level 11, -2/95 HPs)
             Began as a Minotaur Fighter on Jan 10, 2020.
             Was a High Priest of Okawaru.
             Slain by a fire elemental (9 damage)
             ... led by Azrael
             ... on level 12 of the Dungeon.
             The game lasted 00:29:48 (11263 turns).

Peloso the Carver (Minotaur Fighter)               Turns: 11263, Time: 00:29:49

Health: -2/95      AC: 19    Str: 20    XL:     11   Next: 64%
Magic:  7/11       EV: 16    Int:  5    God:    Okawaru [*****.]
Gold:   598        SH: 13    Dex: 17    Spells: 10/10 levels left

rFire    . . .     SeeInvis .   a - +3 falchion
rCold    . . .     Gourm    .   c - +0 shield
rNeg     + + .     Faith    .   m - +0 plate armour
rPois    .         Spirit   .   C - +0 hat "Ricloih" {rN++ rCorr Str-2}
rElec    .         Reflect  .   (no cloak)
rCorr    +         Harm     .   (no gloves)
MR       .....                  J - +0 pair of boots {Stlth+}
Stlth    ..........             (no amulet)
HPRegen  0.25/turn              D - +4 ring of evasion
MPRegen  0.12/turn              v - +3 ring of protection

@: agile, berserk cooldown, slowed, very slow
A: retaliatory headbutt, horns 2
a: Heroism, Finesse, Renounce Religion


You were on level 12 of the Dungeon.
You worshipped Okawaru.
Okawaru was extremely pleased with you.
You were not hungry.

You visited 1 branch of the dungeon, and saw 12 of its levels.

You collected 598 gold pieces.

Inventory:

Hand Weapons
 a - a +3 falchion (weapon)
 b - the +0 dagger "Mecyckuw" {pierce, Dex+7}
   (You found it on level 4 of the Dungeon)

   It inflicts extra damage upon your enemies.
   It affects your dexterity (+7).
Armour
 c - a +0 shield (worn)
 m - a +0 plate armour (worn)
 u - a +0 crystal plate armour
 C - the +0 hat "Ricloih" (worn) {rN++ rCorr Str-2}
   (Okawaru gifted it to you on level 9 of the Dungeon)

   It affects your strength (-2).
   It greatly protects you from negative energy.
   It provides partial protection from all sources of acid and corrosion.
 J - a +0 pair of boots of stealth (worn)
Jewellery
 p - an uncursed ring of ice
 v - a +3 ring of protection (right hand)
 w - an uncursed ring of wizardry
 D - a +4 ring of evasion (left hand)
Wands
 i - a wand of polymorph (6)
 j - a wand of random effects (21)
 t - a wand of disintegration (15)
 x - a wand of flame (3)
 y - a wand of scattershot (3)
 B - a wand of clouds (3)
 F - a wand of enslavement (7)
 K - a wand of paralysis (9)
Scrolls
 d - 7 scrolls of remove curse
 e - a scroll of enchant weapon {unknown}
 g - a scroll of fog {unknown}
 n - 2 scrolls of immolation {unknown}
 o - 5 scrolls of teleportation {unknown}
 q - a scroll of enchant armour {unknown}
 z - 2 scrolls of identify
 A - 2 scrolls of amnesia {unknown}
Potions
 k - 2 potions of curing
 l - a potion of agility
 r - a potion of haste
 s - a potion of invisibility
 E - a potion of cancellation
 G - 2 potions of brilliance
 I - a potion of flight
Comestibles
 f - 28 rations


   Skills:
 + Level 8.6 Fighting
 + Level 13.5 Long Blades
 + Level 10.6 Armour
 + Level 3.4 Dodging
 + Level 2.1 Stealth
 + Level 11.2 Shields
 + Level 2.0 Invocations
 + Level 0.8 Evocations


You had 10 spell levels left.
You didn't know any spells.
Your spell library contained the following spells:

 Spells                   Type           Power        Failure   Level  Hunger
 Confusing Touch          Hex            #.....       100%        1    ##.....
 Sandblast                Erth           #.....       100%        1    ##.....
 Summon Butterflies       Summ           #.......     100%        1    ##.....
 Passwall                 Tmut/Erth      #.......     100%        2    ###....
 Call Canine Familiar     Summ           #.......     100%        3    ####...
 Confuse                  Hex            #.......     100%        3    ####...
 Gell's Gravitas          Tloc           #.........   100%        3    ####...
 Stone Arrow              Conj/Erth      #.....       100%        3    ####...
 Petrify                  Tmut/Erth      #.......     100%        4    #####..
 Summon Ice Beast         Ice/Summ       #.......     100%        4    #####..
 Lee's Rapid Deconstruct  Erth           #.........   100%        5    ######.
 Metabolic Englaciation   Hex/Ice        #.........   100%        5    ######.
 Summon Mana Viper        Hex/Summ       #.......     100%        5    ######.
 Yara's Violent Unravell  Hex/Tmut       #.........   100%        5    ######.
 Summon Hydra             Summ           #.........   100%        7    #######


Dungeon Overview and Level Annotations

Branches:
Dungeon (12/15)            Temple (0/1) D:6            Lair (0/6) D:9
    Orc (0/2) D:10

Altars:
Ashenzari
Cheibriados
Kikubaaqudgha
Makhleb
Nemelex Xobeh
Okawaru
Ru
Uskayaw
Vehumet
Wu Jian
Zin
The Shining One

Shops:
D:6 *   D:12 [

Annotations:
D:3 3 runed translucent doors, Xerdoz's ghost, amateur OpTm
D:5 2 transporters, Elellon's ghost, novice TrMo
D:10 5 runed translucent doors


Innate Abilities, Weirdness & Mutations

You reflexively headbutt those who attack you in melee.
You have a pair of horns on your head.


Message History

* * * LOW HITPOINT WARNING * * *
You hit the fire elemental.
The fire elemental is severely damaged.
You block the fire elemental's attack.
You feel much better. You block the fire elemental's attack.
The fire elemental hits you. The fire elemental burns you!
* * * LOW HITPOINT WARNING * * *
Your plate armour prevents you from hitting the fire elemental.
You headbutt the fire elemental.
The fire elemental is almost destroyed.
The fire elemental misses you. You furiously retaliate!
You headbutt the fire elemental, but do no damage.
The fire elemental hits you. The fire elemental burns you!
* * * LOW HITPOINT WARNING * * *
You feel better. You block the fire elemental's attack.
The fire elemental hits you. The fire elemental burns you!
* * * LOW HITPOINT WARNING * * *
Okay, then.
You feel better. The fire elemental hits you. The fire elemental burns you!
You die...

##...## ##.....###
#........##
#......#..##
#........#..##
#.........#..### #
#..........##..##
##
#...........##.)##
##.
##...........##†@#
##..
#...........####E{#
#... ..........##
#Z.# #....
.......### #...
#....# ....###
[...# #...# ####
.... ....# ... ...#
..# ... ..


You could see a fire elemental and a bullfrog skeleton.

Vanquished Creatures
  Azrael (D:12)
  3 two-headed ogres
  Pikel (D:4)
  2 ugly things
  2 cyclopes
  A kobold demonologist (D:11)
  A hornet (D:9)
  Sigmund (D:2)
  3 fire elementals (D:12)
  Menkaure (D:6)
  A steam dragon (D:10)
  A hungry ghost (D:10)
  Edmund (D:5)
  A hell hound (D:12)
  8 orc warriors
  2 phantoms
  A sky beast (D:11)
  A necrophage (D:9)
  2 slaves
  2 ice beasts
  10 ogres
  8 centaurs
  A crocodile (D:9)
  2 bullfrogs
  A big kobold (D:10)
  A gnoll sergeant (D:9)
  A wyvern zombie (D:6)
  2 scorpions
  9 wights
  3 electric eels (D:11)
  6 crimson imps
  A quasit (D:10)
  2 centaur zombies
  10 orc priests
  4 jellies
  5 hounds
  4 bullfrog skeletons
  3 centaur skeletons
  6 iguanas
  Jessica (D:2)
  Ijyb (D:5)
  12 orc wizards
  11 worker ants
  A hound zombie (D:9)
  2 hound skeletons
  A howler monkey zombie (D:7)
  10 gnolls
  A howler monkey skeleton (D:7)
  19 adders
  A shadow imp (D:11)
  An ooze (D:1)
  An adder zombie (D:9)
  An adder skeleton (D:10)
  2 worms (D:3)
  2 dart slugs
  3 leopard geckos
  62 orcs
  9 giant cockroaches
  7 goblins
  10 hobgoblins
  19 jackals
  2 quokkas
  3 ball pythons
  6 bats
  7 frilled lizards
  A jackal zombie (D:5)
  7 kobolds
  2 quokka skeletons
  10 rats
  A fungus (D:7)
331 creatures vanquished.

Vanquished Creatures (others)
  6 toadstools (D:7)
6 creatures vanquished.

Grand Total: 337 creatures vanquished

Notes
Turn   | Place    | Note
-------+----------+-------------------------------------------
     0 | D:1      | Peloso the Minotaur Fighter began the quest for the Orb.
     0 | D:1      | Reached XP level 1. HP: 19/19 MP: 0/0
    86 | D:1      | Reached XP level 2. HP: 26/27 MP: 1/1
   372 | D:1      | Reached XP level 3. HP: 27/33 MP: 2/2
   737 | D:2      | Found an iron altar of Okawaru.
   754 | D:2      | Became a worshipper of Warmaster Okawaru
   783 | D:2      | Noticed Sigmund
   798 | D:2      | Killed Sigmund
   798 | D:2      | Reached * piety under Okawaru
   798 | D:2      | Reached ** piety under Okawaru
   798 | D:2      | Reached skill level 4 in Long Blades
   798 | D:2      | Reached skill level 5 in Armour
   798 | D:2      | Reached skill level 1 in Dodging
   798 | D:2      | Reached XP level 4. HP: 21/41 MP: 3/3
   798 | D:2      | Reached XP level 5. HP: 24/47 MP: 4/4
   991 | D:2      | Found an ornate altar of the Wu Jian Council.
  1153 | D:2      | Noticed Jessica
  1167 | D:2      | Killed Jessica
  1288 | D:2      | Found a snail-covered altar of Cheibriados.
  1372 | D:3      | Reached XP level 6. HP: 35/53 MP: 5/5
  1585 | D:3      | Found a runed translucent gate.
  1585 | D:3      | Found a runed translucent gate.
  1585 | D:3      | Found a runed translucent gate.
  1608 | D:3      | Noticed Xerdoz's ghost (amateur OpTm)
  1658 | D:3      | Found a sacrificial altar of Ru.
  1670 | D:3      | Reached skill level 5 in Long Blades
  1834 | D:3      | Found a glowing silver altar of Zin.
  1873 | D:4      | Found an ancient bone altar of Kikubaaqudgha.
  1919 | D:4      | Reached skill level 1 in Stealth
  1945 | D:4      | Reached skill level 5 in Shields
  1968 | D:4      | Noticed a slave
  1971 | D:4      | Reached XP level 7. HP: 45/60 MP: 6/6
  1983 | D:4      | Noticed Pikel
  2232 | D:4      | Killed Pikel
  2232 | D:4      | Reached *** piety under Okawaru
  2232 | D:4      | Reached skill level 5 in Fighting
  2232 | D:4      | Reached skill level 6 in Long Blades
  2235 | D:4      | Got a transparent dagger
  2236 | D:4      | Identified the cursed +0 dagger "Mecyckuw" {pierce, Dex+7}
                  | (You found it on level 4 of the Dungeon)
  2257 | D:4      | Reached XP level 8. HP: 64/69 MP: 7/7
  2380 | D:4      | Reached skill level 7 in Long Blades
  2619 | D:5      | Entered Level 5 of the Dungeon
  2624 | D:5      | Noticed Ijyb
  2635 | D:5      | Killed Ijyb
  2675 | D:5      | Found a transporter.
  2675 | D:5      | Noticed Elellon's ghost (novice TrMo)
  2700 | D:5      | Found a transporter.
  2933 | D:5      | Reached **** piety under Okawaru
  3053 | D:5      | Reached skill level 8 in Long Blades
  3577 | D:6      | Noticed Edmund
  3636 | D:5      | Killed Edmund
  3636 | D:5      | Received a gift from Okawaru
  3655 | D:5      | Reached XP level 9. HP: 41/75 MP: 8/8
  3680 | D:5      | Reached skill level 9 in Long Blades
  3995 | D:6      | Noticed Menkaure
  4398 | D:6      | Found Ezuleore's General Store.
  4413 | D:6      | Killed Menkaure
  4738 | D:6      | Found a staircase to the Ecumenical Temple.
  4773 | D:6      | Reached ***** piety under Okawaru
  5283 | D:7      | Reached skill level 10 in Long Blades
  5398 | D:7      | Found a glowing golden altar of the Shining One.
  6108 | D:8      | Noticed a two-headed ogre
  6120 | D:8      | Killed a two-headed ogre
  6465 | D:8      | Reached XP level 10. HP: 67/86 MP: 9/9
  6666 | D:8      | Found a burning altar of Makhleb.
  6667 | D:8      | Found an iron altar of Okawaru.
  6668 | D:8      | Found a radiant altar of Vehumet.
  6668 | D:8      | Found a hide-covered altar of Uskayaw.
  6808 | D:8      | Reached skill level 11 in Long Blades
  7619 | D:9      | Found a sparkling altar of Nemelex Xobeh.
  7753 | D:9      | Paralysed by a hornet for 1 turns
  7775 | D:9      | Received a gift from Okawaru
  7778 | D:9      | Got a warped hat {god gift}
  7784 | D:9      | Identified the +0 hat "Ricloih" {rN++ rCorr Str-2} (Okawaru
                  | gifted it to you on level 9 of the Dungeon)
  7788 | D:9      | Found a shattered altar of Ashenzari.
  7855 | D:9      | Noticed a two-headed ogre
  7865 | D:9      | Killed a two-headed ogre
  7987 | D:9      | Reached skill level 12 in Long Blades
  8133 | D:9      | Reached skill level 1 in Invocations
  8191 | D:9      | Found a staircase to the Lair.
  8252 | D:10     | Entered Level 10 of the Dungeon
  8264 | D:10     | Found a staircase to the Orcish Mines.
  8310 | D:9      | Reached skill level 10 in Shields
  8887 | D:10     | Noticed a two-headed ogre
  8896 | D:10     | Killed a two-headed ogre
  9030 | D:10     | Found the +9 staff of Olgreb {rPois}
  9032 | D:10     | Found a runed translucent door.
  9037 | D:10     | Found a runed translucent gate.
  9037 | D:10     | Found a runed translucent gate.
  9038 | D:10     | Found a runed translucent door.
  9050 | D:10     | Found a runed translucent gate.
  9144 | D:10     | Reached XP level 11. HP: 93/94 MP: 10/10
  9386 | D:11     | Reached skill level 10 in Armour
 10176 | D:11     | Noticed a purple ugly thing
 10198 | D:11     | Killed a purple ugly thing
 10207 | D:11     | Noticed a sun demon
 10368 | D:11     | Reached skill level 13 in Long Blades
 10763 | D:11     | Noticed a four-headed hydra
 10799 | D:12     | Noticed a purple ugly thing
 10821 | D:12     | Killed a purple ugly thing
 10821 | D:12     | Received a gift from Okawaru
 11094 | D:12     | Found Eduos's Antique Armour Shoppe.
 11211 | D:12     | Noticed Azrael
 11236 | D:12     | Killed Azrael
 11261 | D:12     | HP: 4/95 [fire elemental[Azrael] (11)]
 11263 | D:12     | Slain by a fire elemental

Levels and vault maps discovered:
D:1:      minmay_arrival_five_plusses, layout_loops_ring, minmay_misc_feat_tiny,
          nrook_loot_triangle
D:2:      layout_loops_cross, marbit_many_paths, lemuel_coloured_pillars_altar,
          first_ration, chequers_serial_rivers_micro_b, okawaru_trees_1,
          uniq_jessica, uniq_sigmund
D:3:      layout_rooms, lemuel_doored_altar, ebering_ghost_rock_garden,
          nicolae_ru_great_annihilating_truth
D:4:      layout_rooms, kiku_gazebo_garden_becter, uniq_pikel
D:5:      layout_loops_corners, gammafunk_ghost_mausoleum,
          chequers_serial_rivers_micro_a, st_stairs_9, eino_curves_02, uniq_ijyb
D:6:      layout_gridville, minmay_temple_entry_trees, serial_shops, shop,
          uniq_menkaure, uniq_edmund
D:7:      layout_loops_ring, kennysheep_little_box, minmay_gold_behind_fungi,
          kennysheep_nub, grunt_ogre_cave
D:8:      layout_rooms, chequers_temple_overflow_statue_of_worship, special_room
          [special_room_orc], serial_rivers, chequers_serial_rivers_marsh,
          chequers_serial_rivers_large_b, chequers_serial_rivers_room_b,
          chequers_serial_rivers_large_a, chequers_serial_rivers_marsh
D:9:      layout_roguey, lemuel_round_altar, nicolae_overflow_crystal_walls,
          lair_entry_dummy
D:10:     layout_basic, david_orc_3, minivault_26,
          minmay_guarded_unrand_staff_of_olgreb
D:11:     layout_basic
D:12:     layout_cave_pods, serial_shops, nicolae_shop_crystal, uniq_fannar,
          uniq_azrael

Skill      XL: |  1  2  3  4  5  6  7  8  9 10 11 |
---------------+----------------------------------+-----
Armour         | 4 5 6 7 8 9 10 | 10.6
Fighting       | 4 5 6 7 8 |  8.6
Long Blades    | 4 5 6 8 10 12 13 | 13.5
Dodging        | 1 2 3 |  3.4
Shields        | 4 5 6 7 8 10 11 | 11.2
Stealth        | 1 2 |  2.1
Invocations    | 1 2 |  2.0
Evocations     | |  0.8

Action                   |  1- 3 |  4- 6 |  7- 9 | 10-12 || total
-------------------------+-------+-------+-------+-------++-------
Melee: Long sword        |   105 |   146 |   386 |   350 ||   987
       Headbutt          |    13 |    24 |    94 |   150 ||   281
       Falchion          |       |       |       |   235 ||   235
Invok: Heroism           |       |       |     6 |    12 ||    18
       Finesse           |       |       |       |     2 ||     2
Evoke: Wand              |       |       |       |     4 ||     4
  Use: Potion            |     1 |     4 |     3 |     6 ||    14
       Scroll            |       |       |     7 |     4 ||    11
 Stab: Invisible         |       |     1 |       |       ||     1
       Paralysed         |       |     1 |       |       ||     1
  Eat: Chunk             |       |     3 |    15 |    14 ||    32
       Ration            |       |       |       |     1 ||     1
Armor: Scale mail        |    57 |    28 |       |       ||    85
       Chain mail        |       |    34 |   118 |       ||   152
       Plate armour      |       |       |       |   174 ||   174
Dodge: Dodged            |    34 |    45 |    85 |   116 ||   280
Block: Shield            |    66 |    77 |   198 |   273 ||   614
       Rpst.: Long sword |     8 |     8 |    27 |    18 ||    61
       Falchion          |       |       |       |     6 ||     6
